 Dungeon Crawl Stone Soup version 0.27.1-33-g824d729ab1 (webtiles) character file.

Game seed: 17492197801973008319

54 pkoi the Gusty (level 3, -1/28 HPs)
             Began as a Draconian Air Elementalist on Dec 28, 2021.
             Slain by an orc priest (8 damage)
             ... on level 3 of the Dungeon.
             The game lasted 00:03:41 (3200 turns).

pkoi the Gusty (Draconian Air Elementalist)         Turns: 3200, Time: 00:03:42

Health: -1/28      AC: 12    Str: 10    XL:     3   Next: 66%
Magic:  1/6        EV: 12    Int: 16    God:
Gold:   157        SH:  0    Dex: 11    Spells: 2/6 levels left

rFire    + . .     SeeInvis .   k - +2 short sword (protect)
rCold    + . .     Faith    .   (no shield)
rNeg     . . .     Spirit   .   (armour unavailable)
rPois    +         Reflect  .   (helmet restricted)
rElec    +         Harm     .   (no cloak)
rCorr    +         Rampage  .   (no gloves)
Will     .....                  (no boots)
Stlth    ++........             (no amulet)
HPRegen  0.09/turn              (no ring)
MPRegen  0.10/turn              (no ring)

@: resistant, under a protective aura, flying, hasted, very quick
A: AC +5, unfitting armour, cold-blooded, robust 1, MP-powered wands
a: no special abilities


You were on level 3 of the Dungeon.
You visited 1 branch of the dungeon, and saw 3 of its levels.

You collected 157 gold pieces.

Inventory:

Hand Weapons
 a - a +0 dagger
 d - a +0 whip
 i - a +2 dagger of holy wrath
 k - a +2 short sword of protection (weapon)
Scrolls
 e - a scroll of enchant armour {unknown}
 f - a scroll of magic mapping {unknown}
 h - a scroll of holy word {unknown}
 m - a scroll of blinking {unknown}
Potions
 g - a potion of resistance
 n - a potion of magic {unknown}


   Skills:
 - Level 1.7 Dodging
 - Level 1.7 Stealth
 * Level 2.0 Unarmed Combat
 + Level 2.4 Spellcasting
 + Level 1.7 Conjurations
 + Level 3.3 Air Magic


You had 2 spell levels left.
You knew the following spells:

 Your Spells              Type           Power      Damage    Failure   Level
a - Shock                 Conj/Air       40%        1d5       7%          1
b - Swiftness             Air            12%        N/A       16%         3

Your spell library contained the following spells:

 Spells                   Type           Power      Damage    Failure   Level
 Static Discharge         Conj/Air       10%        N/A       11%         2
 Airstrike                Air            6%         N/A       45%         4


Dungeon Overview and Level Annotations

Branches:
Dungeon (3/15)

Altars:

Shops:
D:1 !


Innate Abilities, Weirdness & Mutations

Your plain brown scales are hard. (AC +5)
You cannot fit into any form of body armour.
You are cold-blooded and may be slowed by cold attacks.
You are robust. (+10% HP)
You expend magic power (3 MP) to strengthen your wands.


Message History

The orc is moderately wounded.
The zap hits the orc.
The orc is heavily wounded.
Casting: Shock (safe; 7% risk of failure)
Confirm with . or Enter, or press ? or * to list all spells.
Aiming: Shock (safe; 7% risk of failure)
Press: ? - help, Shift-Dir - straight line The zap hits the orc priest.
The orc priest is lightly wounded.
The zap hits the orc priest but does no damage.
The orc priest is lightly wounded.
Your magical contamination has completely faded away.
It was a potion of flight.
You feel very buoyant.
You fly up into the air.
The orc priest hits you but does no damage.
It was a potion of haste.
You feel yourself speed up. The orc priest misses you.
It was a potion of resistance.
You feel protected.
The orc priest hits you but does no damage.
It was a potion of heal wounds.
You feel much better.
The orc priest hits you with a +0 flail.
It was a potion of mutation.
You feel extremely strange.
You feel your magical essence link to the dungeon's wands.
You feel robust.
Unknown command.
Your +2 short sword of protection hums with potential!
k - a +2 short sword of protection (weapon)
The orc priest invokes the aid of Beogh against you.
Beogh smites you!
* * * LOW HITPOINT WARNING * * *
You barely miss the orc priest.
The orc priest is lightly wounded.
You hit the orc priest.
Your weapon exudes an aura of protection.
Your tail-slap misses the orc priest.
The orc priest is moderately wounded.
The orc priest hits you with a +0 flail!
You die...

.. #.##....##.#
#. #.##..#.##.#
#. #.##..#.##.#
.o##.##
#..........#
.oo.o.#
####.####### #.#
#.# #.########
#.# #.o.o..{.#
#.# #..#####.#
#@#
#..#####.###o#
...........)o{#
####.#####.#####
#.......#
#########


You could see an orc priest and an orc.

Vanquished Creatures
  An adder (D:2)
  3 dart slugs
  2 orcs (D:3)
  An endoplasm (D:2)
  A giant cockroach (D:2)
  3 goblins
  3 hobgoblins
  3 quokkas
  A ball python (D:1)
  4 bats
  3 frilled lizards (D:1)
  8 kobolds
  5 rats
38 creatures vanquished.

Notes
Turn   | Place    | Note
-------+----------+-------------------------------------------
     0 | D:1      | pkoi the Draconian Air Elementalist began the quest for the
                  | Orb.
     0 | D:1      | Reached XP level 1. HP: 14/14 MP: 3/3
    71 | D:1      | Found Seits's Distillery.
  1089 | D:1      | Reached XP level 2. HP: 19/20 MP: 5/5
  1169 | D:1      | Reached skill level 1 in Unarmed Combat
  2205 | D:2      | Reached XP level 3. HP: 26/26 MP: 4/6
  2972 | D:2      | Learned a level 3 spell: Swiftness
  3197 | D:3      | Gained mutation: You expend magic power (3 MP) to
                  | strengthen your wands. [potion of mutation]
  3197 | D:3      | Gained mutation: You are robust. (+10% HP) [potion of
                  | mutation]
  3200 | D:3      | Slain by an orc priest

Illustrated notes

Levels and vault maps discovered:
D:1:      psy_arrival_terrarium, layout_basic, serial_shops,
          nicolae_shop_statue_plus
D:2:      layout_loops_ring, minmay_misc_feat_columns
D:3:      layout_loops_cross, chequers_ecumenical_altar_simple_redux,
          serial_shops, nicolae_shop_stone

Skill      XL: |  1  2  3 |
---------------+----------+-----
Unarmed Combat | 1 2 |  2.0
Dodging        | |  1.7
Stealth        | |  1.7
Spellcasting   | |  2.4
Conjurations   | |  1.7
Air Magic      | |  3.3

Action                   || total
-------------------------++-------
Melee: Unarmed           ||   104
       Tailslap          ||     7
       Short sword       ||     2
       Dagger            ||     1
 Cast: Shock             ||    39
  Use: Potion            ||     5
 Stab: Sleeping          ||     2
       Distracted        ||     1
Armor: Skin              ||    40
Dodge: Dodged            ||    62
